 Dungeon Crawl Stone Soup version 0.31-a0-233-g139696dc86 (webtiles) character file.

Game seed: 13928235056378975327

122 qw the Shooter (level 4, -3/36 HPs)
             Began as a Minotaur Hexslinger on July 7, 2023.
             Slain by an orc
             ... wielding a +0 trident
              (6 damage)
             ... on level 3 of the Dungeon.
             The game lasted 00:00:38 (1796 turns).

qw the Shooter (Minotaur Hexslinger)                Turns: 1796, Time: 00:00:39

Health: -3/36      AC:  2    Str: 12    XL:     4   Next: 78%
Magic:  4/4        EV: 12    Int: 10    God:
Gold:   117        SH:  0    Dex: 15    Spells: 4/5 levels left

rFire   . . .        Y - +1 sling
rCold   . . .        (no shield)
rNeg    . . .        c - +0 robe
rPois   .            (helmet restricted)
rElec   .            (no cloak)
rCorr   .            (no gloves)
SInv    .            (no boots)
Will    .....        (no amulet)
Stlth   +            (no ring)
HPRegen 0.26/turn    (no ring)
MPRegen 0.09/turn

%: no passive effects
@: no status effects
A: horns 2, retaliatory headbutt
a: no special abilities


You were on level 3 of the Dungeon.
You visited 1 branch of the dungeon, and saw 3 of its levels.

You collected 117 gold pieces.


Innate Abilities, Weirdness & Mutations

You have a pair of horns on your head.
You reflexively headbutt those who attack you in melee.


   Skills:
 + Level 2.1 Fighting
 - Level 5.3 Ranged Weapons
 - Level 2.1 Dodging
 - Level 1.0 Spellcasting
 - Level 2.0 Hexes


You had 4 spell levels left.
You knew the following spells:

 Your Spells              Type           Power      Damage    Failure   Level
a - Slow                  Hex            16%        N/A       16%         1

Your spell library contained the following spells:

 Spells                   Type           Power      Damage    Failure   Level
 Inner Flame              Hex/Fire       2%         N/A       56%         3
 Portal Projectile        Hex/Tloc       4%         N/A       56%         3
 Cause Fear               Hex            2%         N/A       83%         4

Inventory:

Hand Weapons
 Y - a +1 sling (weapon)
Armour
 b - a +0 leather armour
 c - a +0 robe (worn)
Jewellery
 i - a ring of ice
Scrolls
 f - 2 scrolls of identify
Potions
 a - a potion of enlightenment {unknown}
 d - a potion of brilliance {unknown}
 e - a potion of curing

Dungeon Overview and Level Annotations

Branches:
Dungeon (3/15)

Altars:


Message History

The orc hits you from afar with a +0 trident.
You shoot a sling bullet.
The sling bullet closely misses the orc.
The sling bullet hits the hobgoblin but does no damage.
The orc closely misses you. The orc hits you with a +0 dagger.
The orc hits you from afar with a +0 trident.
You shoot a sling bullet. The sling bullet hits the orc!
You kill the orc!
The orc closely misses you. The orc hits you with a +0 dagger.
You shoot a sling bullet.
The sling bullet closely misses the orc.
The orc hits you from afar with a +0 trident.
The hobgoblin barely misses you. The orc misses you.
You shoot a sling bullet. The sling bullet hits the orc.
The orc is severely wounded.
The orc closely misses you. The hobgoblin closely misses you.
The orc barely misses you.
You shoot a sling bullet. The sling bullet hits the orc.
You kill the orc!
The orc hits you from afar with a +0 trident.
The hobgoblin closely misses you. The orc closely misses you.
The hobgoblin misses you. You furiously retaliate!
You headbutt the hobgoblin. You shoot a sling bullet.
The sling bullet barely misses the hobgoblin.
The orc hits you from afar with a +0 trident.
The hobgoblin barely misses you.
You shoot a sling bullet.
The sling bullet closely misses the hobgoblin.
The orc hits you from afar with a +0 trident.
The hobgoblin closely misses you.
You shoot a sling bullet.
The sling bullet barely misses the hobgoblin.
The orc closely misses you. The hobgoblin closely misses you.
You shoot a sling bullet. The sling bullet hits the hobgoblin.
You kill the hobgoblin!
The orc hits you from afar with a +0 trident!
You shoot a sling bullet. The sling bullet hits the orc.
The orc is almost dead.
The orc hits you from afar with a +0 trident.
You die...

:...................##.#
#######................#
.. #...>..........#.##
#..###>##........%..#.#
#......#.)........##.#
###.....##........###.#
#.......#.......... #..
....#.............. ##.
....#....#@........ .
... #.....))......
.........o........
.......#.....#..
...........#.....
........#.....#..
..##....... .. . ###
.###....


You could see an orc.

Vanquished Creatures
  An orc priest (D:3)
  4 adders (D:2)
  A worm (D:2)
  2 dart slugs
  2 orcs (D:3)
  5 endoplasms
  6 giant cockroaches
  7 hobgoblins
  2 jackals (D:1)
  A quokka (D:2)
  3 ball pythons
  5 bats
  2 frilled lizards (D:1)
  2 goblins (D:2)
  2 kobolds
  4 rats
49 creatures vanquished.

Notes
Turn   | Place    | Note
-------+----------+-------------------------------------------
     0 | D:1      | qw the Minotaur Hexslinger began the quest for the Orb.
     0 | D:1      | Reached XP level 1. HP: 16/16 MP: 1/1
     0 | D:1      | 0 ||| qw: Version: 0.3-a-46-gb1f654a
     0 | D:1      | 0 ||| qw: Game counter: 3215
     0 | D:1      | 0 ||| qw: Melee chars always use a shield: true
     0 | D:1      | 0 ||| qw: God list: Okawaru
     0 | D:1      | 0 ||| qw: Allow faded altars: false
     0 | D:1      | 0 ||| qw: Do Orc after clearing Dungeon:15 true
     0 | D:1      | 0 ||| qw: Do second Lair branch before Depths: true
     0 | D:1      | 0 ||| qw: Lair rune preference: random
     0 | D:1      | 0 ||| qw: Goals: Normal
     0 | D:1      | 0 ||| PLANNING D:1-11
   173 | D:1      | Reached skill level 3 in Ranged Weapons
   173 | D:1      | Reached XP level 2. HP: 21/23 MP: 2/2
   786 | D:1      | 786 ||| READING scroll labelled NOIRAY MUNUOK.
   887 | D:1      | 887 ||| DROPPING scroll of poison.
   974 | D:2      | 974 ||| FLEEEEING.
   975 | D:2      | 975 ||| FLEEEEING.
   976 | D:2      | 976 ||| FLEEEEING.
   977 | D:2      | 977 ||| FLEEEEING.
   985 | D:2      | Reached XP level 3. HP: 28/29 MP: 3/3
  1035 | D:2      | 1035 ||| FLEEEEING.
  1036 | D:2      | 1036 ||| FLEEEEING.
  1038 | D:2      | 1038 ||| STAIRDANCE
  1066 | D:2      | Reached skill level 4 in Ranged Weapons
  1408 | D:2      | Reached XP level 4. HP: 36/36 MP: 4/4
  1661 | D:2      | 1661 ||| READING scroll labelled LEUDWU QOSORRE.
  1662 | D:2      | 1662 ||| READING 2 scrolls labelled ICZOSY HUSAT.
  1663 | D:2      | 1663 ||| READING scroll labelled JYTAFA KILI.
  1664 | D:2      | 1664 ||| READING scroll labelled CUCLICKIPU.
  1665 | D:2      | 1665 ||| DRINKING 2 blue potions.
  1785 | D:3      | Reached skill level 5 in Ranged Weapons
  1793 | D:3      | HP: 9/36 [orc/+0 trident (6)]
  1795 | D:3      | HP: 3/36 [orc/+0 trident (7)]
  1796 | D:3      | Slain by an orc

Levels and vault maps discovered:
D:1:      lemuel_arrival_broad_hall, layout_basic, minmay_misc_feat_hallway
D:2:      layout_basic, minmay_worlds_worst_comb
D:3:      layout_rooms, nicolae_overflow_ecumenical_swirl,
          kennysheep_pointless_box, minmay_misc_feat_five, minmay_statues_item,
          serial_park_tiny_2

Skill      XL: |  1  2  3  4 |
---------------+-------------+-----
Ranged Weapons | 3 4 5 |  5.3
Fighting       | 2 |  2.1
Dodging        | |  2.1
Spellcasting   | |  1.0
Hexes          | |  2.0

Action                     |  1- 3 |  4- 6 || total
---------------------------+-------+-------++-------
   Fire: Sling             |   102 |    47 ||   149
    Use: Scroll            |     1 |     4 ||     5
         Potion            |       |     1 ||     1
 Armour: Robe              |    12 |       ||    12
  Dodge: Dodged            |    24 |    19 ||    43

Table legend:
 A = Non-vault XP
 B = Vault XP
 C = Vault XP percentage of total XP
 D = Non-vault monster count
 E = Vault monster count
 F = Vault count percentage of total count
                 A         B        C        D         E       F
            +---------+---------+-------+---------+---------+-------
      Total |     171 |       4 |   2.3 |      47 |       2 |   4.1
            +---------+---------+-------+---------+---------+-------
        D:1 |      32 |       0 |   0.0 |      19 |       0 |   0.0
        D:2 |      77 |       4 |   4.9 |      18 |       2 |  10.0
        D:3 |      62 |       0 |   0.0 |      10 |       0 |   0.0
            +---------+---------+-------+---------+---------+-------
